Map: Frozen Temple

Players

Rize

  • Race: Protoss Protoss

YSMS - Winner!

  • Race: Protoss Protoss
  • League: Master

VOD

Have the link to the VOD?

Description

Time

  • Played on: May 21, 2016, 9:24 p.m.
  • Length: 9:20
Show
View Real Time Build Order
Export as new Build Order

Rize Protoss 

Build Orders:  

Get SALT Encoding   

  12  0:01  Probe (Chrono Boost)  
  13  0:11  Probe (Chrono Boost)  
  14  0:19  Pylon  
  14  0:22  Probe (Chrono Boost)  
  15  0:37  Probe (Chrono Boost)  
  15  0:38  Gateway  
  16  0:43  Assimilator  
  16  0:48  Probe (Chrono Boost)  
  17  0:58  Gateway  
  17  1:02  Probe (Chrono Boost)  
  18  1:07  Assimilator  
  18  1:12  Probe (Chrono Boost)  
  19  1:23  Probe (Chrono Boost)  
  20  1:30  Cybernetics Core  
  20  1:33  Probe (Chrono Boost)  
  21  1:41  Pylon  
  21  1:44  Probe (Chrono Boost)  
  22  1:54  Probe (Chrono Boost)  
  27  2:09  Stalker x2 (Chrono Boost)  
  27  2:12  Warp Gate (Chrono Boost)  
  27  2:18  Pylon  
  27  2:35  Stalker x2 (Chrono Boost)  
  31  2:48  Stargate  
  31  3:00  Gateway  
  31  3:02  Pylon  
  31  3:24  Stalker  
  31  3:25  Stalker  
  35  3:34  Void Ray (Chrono Boost)  
  39  3:44  Pylon, Mothership Core  
  41  4:06  Stalker x2  
  41  4:08  Adept  
  43  4:39  Stalker x3  
  43  4:44  Pylon  
  41  5:04  Stalker  
  41  5:05  Stalker x2  
  45  5:27  Adept x2  
  45  5:28  Adept  
  37  5:58  Stalker x3  
  35  6:34  Nexus  
  35  6:36  Pylon  
  35  6:38  Pylon  
  35  6:39  Oracle (Chrono Boost)  
  38  6:46  Sentry x2  
  42  6:50  Probe  
  44  7:15  Stalker x3  
  47  7:42  Stalker x3  
  51  7:52  Probe x2 (Chrono Boost)  
  53  8:05  Robotics Facility  
  45  8:16  Adept x2  
  45  8:17  Adept  
  52  8:27  Probe x2 (Chrono Boost)  
  51  8:45  Stalker x2  
  49  8:51  Stalker  
Show
View Real Time Build Order
Export as new Build Order

YSMS Protoss - Winner!

Build Orders:  

Get SALT Encoding   

  12  0:01  Probe (Chrono Boost)  
  13  0:11  Probe (Chrono Boost)  
  14  0:17  Pylon  
  14  0:22  Probe (Chrono Boost)  
  15  0:35  Probe (Chrono Boost), Gateway  
  16  0:45  Probe (Chrono Boost)  
  16  0:47  Assimilator  
  17  0:56  Probe (Chrono Boost)  
  18  0:57  Assimilator  
  18  1:07  Probe (Chrono Boost), Gateway  
  19  1:17  Probe (Chrono Boost)  
  20  1:22  Cybernetics Core  
  20  1:28  Probe (Chrono Boost)  
  21  1:34  Pylon  
  21  1:38  Probe (Chrono Boost)  
  22  1:49  Probe (Chrono Boost)  
  23  1:58  Stalker x2  
  27  2:01  Warp Gate (Chrono Boost)  
  27  2:07  Pylon  
  27  2:12  Probe  
  28  2:24  Mothership Core  
  28  2:28  Stalker  
  32  2:36  Stalker  
  33  2:55  Probe  
  34  3:04  Nexus  
  34  3:11  Pylon  
  34  3:22  Probe  
  34  3:26  Robotics Facility  
  35  3:37  Probe  
  36  3:52  Stalker x2  
  36  3:53  Probe  
  41  4:05  Probe (Chrono Boost)  
  42  4:13  Observer (Chrono Boost)  
  42  4:14  Probe  
  42  4:15  Twilight Council  
  42  4:16  Probe  
  45  4:18  Sentry  
  45  4:19  Sentry  
  49  4:25  Probe  
  49  4:28  Probe  
  51  4:32  Pylon  
  51  4:35  Probe  
  48  4:41  Immortal (Chrono Boost)  
  52  4:47  Stalker  
  52  4:50  Zealot  
  44  5:14  Stalker  
  44  5:15  Stalker  
  48  5:29  Gateway, Immortal  
  48  5:33  Gateway  
  50  5:36  Stalker x2  
  42  5:57  Stalker x2  
  43  6:17  Immortal (Chrono Boost)  
  45  6:30  Probe  
  47  6:38  Mothership Core  
  47  6:39  Stalker  
  50  6:42  Stalker  
  50  6:46  Probe  
  53  6:59  Warp Prism (Chrono Boost)  
  55  7:03  Probe  
  56  7:13  Stalker  
  56  7:15  Stalker  
  59  7:24  Probe  
  53  7:46  Probe x2  
  55  7:53  Stalker  
  55  7:54  Stalker x2  
  61  8:00  Pylon  
  55  8:16  Stalker x2  
  59  8:24  Probe  
  59  8:25  Sentry  
  58  8:47  Stalker x2  
  60  8:52  Stalker  
  62  8:57  Probe  
Tags
 
Add a new tag
Caveats
  • Supply blocks, unpowered buildings, or Contaminate may cause inaccurate times.
  • Supply counts are checked every 10 seconds.